[gd_scene load_steps=9 format=2]

[ext_resource path="res://entities/moving/BouncyTriangle.tscn" type="PackedScene" id=1]
[ext_resource path="res://assets/shaders/sprite_shader_collection.shader" type="Shader" id=2]
[ext_resource path="res://assets/graphics/sheet_sprites.sprites/rex2_caterpillar_original.tres" type="Texture" id=3]

[sub_resource type="ShaderMaterial" id=1]
resource_local_to_scene = true
shader = ExtResource( 2 )
shader_param/just_black = false
shader_param/flash_enabled = false
shader_param/all_white = false
shader_param/all_white_turn_black = Color( 1, 1, 1, 1 )
shader_param/black_is_transparent = false
shader_param/keep_original_alpha = true
shader_param/flash_colour = Color( 1, 0, 0, 1 )

[sub_resource type="AtlasTexture" id=6]
atlas = ExtResource( 3 )
region = Rect2( 0, 0, 80, 56 )

[sub_resource type="AtlasTexture" id=7]
atlas = ExtResource( 3 )
region = Rect2( 80, 0, 80, 56 )

[sub_resource type="AtlasTexture" id=8]
atlas = ExtResource( 3 )
region = Rect2( 160, 0, 80, 56 )

[sub_resource type="SpriteFrames" id=5]
animations = [ {
"frames": [ SubResource( 6 ), SubResource( 7 ), SubResource( 8 ) ],
"loop": true,
"name": "default",
"speed": 10.0
} ]

[node name="Caterpillar" instance=ExtResource( 1 )]
collision_mask = 2147627010
achievement_sure_name = "Caterpillar"
is_bio_growth = true
transient_indicated_type = 5
score = 300

[node name="AnimatedSprite" parent="." index="0"]
material = SubResource( 1 )
frames = SubResource( 5 )

[node name="CollisionShape2D" parent="." index="1"]
position = Vector2( -9, 9 )

[node name="RayCastEdge" parent="." index="2"]
position = Vector2( 17, 20 )

[node name="RayCastWall" parent="." index="3"]
position = Vector2( -7, 14 )
cast_to = Vector2( 40, 0 )
collision_mask = 143378

[node name="CollisionShape2D" parent="Hitbox" index="0"]
position = Vector2( -9, 6 )

[node name="CollisionShape2D" parent="Hurtbox" index="0"]
position = Vector2( -9, 6 )

[editable path="Hitbox"]
[editable path="Hurtbox"]
